 Dungeon Crawl Stone Soup version 0.18-a0-183-gad09a0e (webtiles) character file.

327 ahoge the Cudgeler (level 6, -1/37 HPs)
             Began as a Gargoyle Fighter on Nov 23, 2015.
             Slain by a gnoll
             ... wielding a +0 flail
              (8 damage)
             ... on level 4 of the Dungeon.
             The game lasted 00:10:27 (2073 turns).

ahoge the Cudgeler (Gargoyle Fighter)               Turns: 2073, Time: 00:10:27

Health: -1/37      AC:  8    Str: 25    XL:     6   Next: 50%
Magic:  6/6        EV:  9    Int:  8    God:
Gold:   186        SH: 10    Dex: 11    Spells: 0 memorised, 5 levels left

rFire  . . .     SeeInvis .     h - +2 whip (elec)
rCold  . . .     Clarity  .     o - +2 robe {MR+}
rNeg   + . .     SustAt   .     c - +0 shield
rPois  ∞         Gourm    .     (no helmet)
rElec  +         Spirit   .     (no cloak)
rCorr  .         Warding  .     (no gloves)
rMut   .         Stasis   .     (no boots)
MR     +....                    (no amulet)
Stlth  +.........               (no ring)
                                s - ring of poison resistance

@: mighty, invisible, somewhat resistant to hostile enchantments, very
unstealthy
A: negative energy resistance 1, electricity resistance, unbreathing,
petrification resistance, rot immunity, AC +4
a: no special abilities


You were on level 4 of the Dungeon.
You were not hungry.

You visited 1 branch of the dungeon, and saw 4 of its levels.

You collected 186 gold pieces.

Inventory:

Hand Weapons
 a - a +0 flail
 h - a +2 whip of electrocution (weapon)
 n - a +0 mace
Armour
 b - a +0 scale mail
 c - a +0 shield (worn)
 g - a +0 ring mail
 o - a +2 robe of magic resistance (worn)
Jewellery
 s - a ring of poison resistance (left hand)
Wands
 f - a wand of frost (21)
 p - a wand of slowing (10)
 q - a wand of fire (10)
 v - a wand of slowing (31)
Scrolls
 i - a scroll of identify {unknown}
 k - 2 scrolls of fog {unknown}
 l - a scroll of enchant armour {unknown}
 u - a scroll of recharging {unknown}
 w - a scroll of amnesia {unknown}
 x - a scroll of remove curse {unknown}
 y - a scroll of teleportation {unknown}
 A - a scroll of immolation {unknown}
Potions
 d - 5 potions of might
 m - a potion of agility {unknown}
 r - a potion of curing {unknown}
 t - a potion of haste {unknown}
Comestibles
 e - 3 bread rations


   Skills:
 - Level 3.4 Fighting
 + Level 6.2 Maces & Flails
 - Level 3.5 Armour
 + Level 3.8 Shields


You had 5 spell levels left.
You didn't know any spells.

Dungeon Overview and Level Annotations

Branches:
Dungeon (4/15)
 Temple: D:4-7

Altars:
Vehumet


Innate Abilities, Weirdness & Mutations

You are resistant to torment.
Your stone body is resilient (AC +4).
You are immune to poison.
You resist negative energy.
You are resistant to electric shocks.
You can survive without breathing.
You are immune to petrification.
You are immune to rotting.


Message History

You hit the gnoll.
The gnoll is lightly wounded.
You barely miss the gnoll.
The gnoll is lightly wounded.
You block the gnoll's attack. The gnoll hits you with a halberd!
* * * LOW HITPOINT WARNING * * *
The gnoll barely misses you.
You are too injured to fight recklessly!
You are too injured to fight recklessly!
You are too injured to fight recklessly!
You are too injured to fight recklessly!
You are too injured to fight recklessly!
Drink which item? (? for menu, Esc to quit)
You feel very mighty all of a sudden. You block the gnoll's attack.
Drink which item? (? for menu, Esc to quit)
It was a potion of invisibility.
You fade into invisibility!
You block the gnoll's attack. The gnoll hits you with a flail!
You die...

#.. #....#........ #.
#....#........ ######........
#........#### ... #............
..... ...##.........### .....
..............#.
.....##############...##.......#.
..............gg@g.............#.
..............#####............#.
............................)..#.
.............#.................#.
.............+.......####.#....#.
.............#.....#...##.#....#.
......?......#.....#.#.##.#....#.
##############.....#.#....#....#.
#######.###### ...#.


You could see 3 gnolls.

Vanquished Creatures
  An ogre (D:4)
  An orc priest (D:3)
  A worker ant (D:4)
  Jessica (D:2)
  Natasha (thrice) (D:2)
  A worker ant zombie (D:3)
  6 adders
  A gnoll (D:4)
  2 oozes
  A worm (D:2)
  2 giant geckos
  4 orcs
  A ball python (D:3)
  A giant cockroach (D:1)
  3 hobgoblins
  4 kobolds
  A quokka (D:4)
  6 bats
  3 giant newts
  4 goblins
  7 rats
54 creatures vanquished.

Notes
Turn   | Place    | Note
--------------------------------------------------------------
     0 | D:1      | ahoge the Gargoyle Fighter began the quest for the Orb.
     0 | D:1      | Reached XP level 1. HP: 14/14 MP: 1/1
   215 | D:1      | Reached XP level 2. HP: 19/19 MP: 2/2
   516 | D:2      | Found a radiant altar of Vehumet.
   596 | D:2      | Noticed Jessica
   605 | D:2      | Killed Jessica
   605 | D:2      | Reached XP level 3. HP: 15/23 MP: 3/3
   624 | D:2      | Noticed Natasha
   639 | D:2      | Reached XP level 4. HP: 18/28 MP: 4/4
   640 | D:2      | Killed Natasha
   640 | D:2      | Reached skill level 4 in Maces & Flails
   862 | D:2      | Noticed Natasha
   879 | D:2      | Killed Natasha
   879 | D:2      | Reached XP level 5. HP: 30/32 MP: 5/5
   884 | D:2      | Noticed Natasha
   887 | D:2      | Killed Natasha
  1121 | D:3      | Reached skill level 5 in Maces & Flails
  1804 | D:4      | Noticed an ogre
  1808 | D:4      | Killed an ogre
  1808 | D:4      | Reached skill level 6 in Maces & Flails
  1808 | D:4      | Reached XP level 6. HP: 28/37 MP: 6/6
  2073 | D:4      | Slain by a gnoll

Vault maps used:
D:1:      saegor_arrival_simple_c
D:2:      fiery_altar_vehumet, serial_glass, glass_columns_a, glass_columns_a,
          uniq_jessica, uniq_natasha
D:3:      first_bread

Action                   |  1- 3 |  4- 6 || total
-------------------------+-------+-------++-------
Melee: Flail             |    12 |       ||    12
       Whip              |    51 |   130 ||   181
  Use: Potion            |       |     2 ||     2
 Stab: Sleeping          |       |     1 ||     1
  Eat: Chunk             |       |     4 ||     4
